 Dungeon Crawl Stone Soup version 0.30-a0-2-gf48d83f5e2 (webtiles) character file.

Game seed: 11511332720652630856

39 kae the Firebug (level 3, 0/20 HPs)
             Began as a Deep Elf Fire Elementalist on Aug 19, 2022.
             Succumbed to an adder's poison
             ... on level 1 of the Dungeon.
             The game lasted 00:00:45 (1216 turns).

kae the Firebug (Deep Elf Fire Elementalist)        Turns: 1216, Time: 00:00:46

Health: 0/20       AC:  3    Str:  5    XL:     3   Next: 28%
Magic:  1/9        EV: 13    Int: 21    God:
Gold:   130        SH:  0    Dex: 15    Spells: 5/8 levels left

rFire   . . .      SeeInvis .    (no weapon)
rCold   . . .      Faith    .    (no shield)
rNeg    . . .      Spirit   .    a - +0 robe
rPois   .          Reflect  .    (no helmet)
rElec   .          Harm     .    g - +0 cloak
rCorr   .          Rampage  .    (no gloves)
Will    .....                    (no boots)
Stlth   ++........               (no amulet)
HPRegen 0.06/turn                (no ring)
MPRegen 0.11/turn                (no ring)

@: lethally poisoned (0 -> -1)
A: no striking features
a: no special abilities


You were on level 1 of the Dungeon.
You visited 1 branch of the dungeon, and saw 2 of its levels.

You collected 130 gold pieces.


   Skills:
 + Level 0.4 Fighting
 + Level 2.7 Dodging
 - Level 2.4 Stealth
 + Level 3.3 Spellcasting
 * Level 2.3 Conjurations
 * Level 3.8 Fire Magic


You had 5 spell levels left.
You knew the following spells:

 Your Spells              Type           Power      Damage    Failure   Level
a - Foxfire               Conj/Fire      64%        2x1d7     3%          1
b - Scorch                Fire           38%        2d6       4%          2

Your spell library contained the following spells:

 Spells                   Type           Power      Damage    Failure   Level
 Conjure Flame            Conj/Fire      16%        6-21      11%         3
 Static Discharge         Conj/Air       8%         3-4/arc   12%         2
 Freeze                   Ice            12%        1d4       13%         1
 Inner Flame              Hex/Fire       11%        N/A       19%         3
 Frozen Ramparts          Ice            6%         1d1       36%         3
 Flame Wave               Conj/Fire      16%        2d7       36%         4
 Hailstorm                Conj/Ice       8%         3d4       63%         4
 Lightning Bolt           Conj/Air       4%         1d15      92%         5
 Maxwell's Capacitive Co  Air            1%         ∞         100%        8

Inventory:

Missiles
 d - 19 stones
Armour
 a - a +0 robe (worn)
 g - a +0 cloak (worn)
   (You found it on level 2 of the Dungeon)
Scrolls
 c - a scroll of fear {unknown}
 f - 2 scrolls of identify {unknown}
Potions
 b - a potion of magic
 e - a potion of haste {unknown}

Dungeon Overview and Level Annotations

Branches:
Dungeon (2/15) Zot: 10783

Altars:

#.)........#...............##
#..........#...............#
#..........#...............#
#..........######'#........## ##
###'#######..###...#.......#..
.###..##### #.....#[#.#.......#.#
..8...#...# #.........†.......#.#
.....##...###.......#.........#.#
.._.8#....'.....@.†>+...........#
.....##...###########...#########
......##.......#...##...# #....
.###..######.##..#..#...# ###.#.#
##.###'#.....#..#.#..######.....#
.......#.......#...#......#.#####
######'#..#####.....#####.#......
#.......#...........#....#####
#.....#..#.........#....## #.


There were no monsters in sight!


Message History

You kill the rat!
An adder comes into view.
The worm barely misses you.
The goblin hits you but does no damage. 😎 MP[-2]
You lost 2 mp, and now have 5/8 mp.
Casting: Scorch (safe; 4% risk of failure)
Confirm with . or Enter, or press ? or * to list all spells.
Flames lash the goblin.
You kill the goblin!
The worm bites you.
You have reached level 3!
Your experience leads to an increase in your attributes!
Increase (S)trength, (I)ntelligence, or (D)exterity?
You feel clever. x2 😕 HP[+2] MP[-2]
You now have 20 max hp (+4).
You regained 2 hp, and now have 18/20 hp.
You lost 2 mp, and now have 3/9 mp. 😕 HP[+1] MP[+1]
You closely miss the adder. The adder bites you but does no damage.
Casting: Scorch (safe; 4% risk of failure)
Confirm with . or Enter, or press ? or * to list all spells.
Flames lash the adder.
The adder's fire resistance burns away.
The adder barely misses you. The adder bites you. The adder barely misses you.
Unknown command. 😕 HP[-3] MP[-2]
You take 3 damage, and now have 16/20 hp.
You lost 2 mp, and now have 2/9 mp.
Casting: Scorch (safe; 4% risk of failure)
Confirm with . or Enter, or press ? or * to list all spells.
Flames lash the worm.
The worm's fire resistance burns away.
The adder bites you but does no damage. The worm bites you.
The adder bites you. 😮 HP[-3] MP[-2]
You take 3 damage, and now have 13/20 hp.
You lost 2 mp, and now have 0/9 mp.
Unknown command.
Casting: Scorch (safe; 4% risk of failure)
Confirm with . or Enter, or press ? or * to list all spells.
You don't have enough magic to cast this spell.
The adder bites you.
* * * LOW HITPOINT WARNING * * *
The adder closely misses you. 😨 HP[-3]
You take 3 damage, and now have 10/20 hp.
The adder is no longer more vulnerable to fire.
The adder bites you.
* * * LOW HITPOINT WARNING * * *
😨 HP[-1] MP[+1]
You take 1 damage, and now have 9/20 hp.
The worm is no longer more vulnerable to fire.
The adder barely misses you. The adder closely misses you.
There is a stone staircase leading up here.
The adder closely misses you.
You climb upwards.
The ball python hisses angrily.
There is a stone staircase leading down here.
You can't go up here!
Casting: Scorch (safe; 4% risk of failure)
Confirm with . or Enter, or press ? or * to list all spells.
You conjure some foxfire!
The adder bites you.
* * * LOW HITPOINT WARNING * * *
You are lethally poisoned!
The adder poisons you! The adder bites you but does no damage.
* * * LOW HITPOINT WARNING * * *
You feel sick.
The foxfire hits the adder.
You kill the adder!
The foxfire hits the ball python.
You kill the ball python! 😨 HP[-3] MP[-1]
You take 3 damage, and now have 6/20 hp.
You lost 1 mp, and now have 0/9 mp.
You close the door.
* * * LOW HITPOINT WARNING * * *
You feel sick. 😱 HP[-1] MP[+1]
You take 1 damage, and now have 5/20 hp.
* * * LOW HITPOINT WARNING * * *
You feel sick.
You see here an adder corpse. 😱 HP[-1]
You take 1 damage, and now have 4/20 hp.
* * * LOW HITPOINT WARNING * * *
You feel sick.
There is a stone staircase leading down here. 😱 HP[-1]
You take 1 damage, and now have 3/20 hp.
* * * LOW HITPOINT WARNING * * *
You feel sick.
You see here an adder corpse. 😱 HP[-1]
You take 1 damage, and now have 2/20 hp.
* * * LOW HITPOINT WARNING * * *
You feel sick. 😱 HP[-1]
You take 1 damage, and now have 1/20 hp.
You die...

Skill      XL: |  1  2 |
---------------+-------+-----
Conjurations   | 2 |  2.3
Fighting       | |  0.4
Dodging        | |  2.7
Stealth        | |  2.4
Spellcasting   | |  3.3
Fire Magic     | |  3.8

Action                   || total
-------------------------++-------
Melee: Unarmed           ||     1
 Cast: Foxfire           ||    52
       Scorch            ||     4
Armor: Robe              ||     6
Dodge: Dodged            ||    18

Levels and vault maps discovered:
D:1:      scummos_arrival_star, layout_basic,
          hellmonk_ecumenical_altar_slurped_away
D:2:      layout_loops_ring, serial_aquarium, aquarium_bridge_island_small
          [aquarium_subvault_small_open, aquarium_subvault_bridge,
          aquarium_subvault_window, aquarium_subvault_bridge,
          aquarium_subvault_bridge], aquarium_window_corner, aquarium_window_1,
          aquarium_view_2c, aquarium_view_2f

Notes
Turn   | Place    | Note
-------+----------+-------------------------------------------
     0 | D:1      | kae the Deep Elf Fire Elementalist began the quest for the
                  | Orb.
     0 | D:1      | Reached XP level 1. HP: 10/10 MP: 6/6
     0 | D:1      | magus.rc [v1.11.3]
   391 | D:1      | Reached XP level 2. HP: 15/15 MP: 6/8
   418 | D:1      | You pick up a book of Lightning and begin reading...
   418 | D:1      | You add the spells Static Discharge, Lightning Bolt and
                  | Maxwell's Capacitive Coupling to your library.
   599 | D:1      | Learned a level 2 spell: Scorch
   638 | D:1      | Found a faded altar of an unknown god.
   684 | D:1      | Reached skill level 2 in Conjurations
  1101 | D:2      | You pick up a book of Frost and begin reading...
  1101 | D:2      | You add the spells Freeze, Frozen Ramparts and Hailstorm to
                  | your library.
  1190 | D:2      | Reached XP level 3. HP: 18/20 MP: 3/9
  1211 | D:1      | HP: 5/20 [poisoned by an adder]
  1214 | D:1      | HP: 2/20 [poisoned by an adder]
  1216 | D:1      | Succumbed to an adder's poison

Vanquished Creatures
  An adder (D:1)
  A dart slug (D:1)
  6 ball pythons
  3 bats (D:1)
  3 endoplasms (D:1)
  3 goblins
  3 hobgoblins (D:1)
  2 frilled lizards (D:1)
  2 kobolds (D:1)
  5 rats
29 creatures vanquished.

Vanquished Creatures (others)
  87 foxfires
87 creatures vanquished.

Grand Total: 116 creatures vanquished

Table legend:
 A = Non-vault XP
 B = Vault XP
 C = Vault XP percentage of total XP
 D = Non-vault monster count
 E = Vault monster count
 F = Vault count percentage of total count
                 A         B        C        D         E       F
            +---------+---------+-------+---------+---------+-------
      Total |      55 |       2 |   3.5 |      28 |       1 |   3.4
            +---------+---------+-------+---------+---------+-------
        D:1 |      48 |       2 |   4.0 |      23 |       1 |   4.2
        D:2 |       7 |       0 |   0.0 |       5 |       0 |   0.0
            +---------+---------+-------+---------+---------+-------

Illustrated notes

Table legend:
 A = Kills in this place as a percentage of kills in entire the game.
 B = Kills by you in this place as a percentage of kills by you in the entire game.
 C = Kills by friends in this place as a percentage of kills by friends in the entire game.
 D = Other kills in this place as a percentage of other kills in the entire game.
 E = Experience gained in this place as a percentage of experience gained in the entire game.
 F = Experience gained in this place divided by the number of levels of this place that you have seen.
                   A       B       C       D       E      F
               +-------+-------+-------+-------+-------+----------------------
         Total | 100.0 | 100.0 |   N/A |   N/A | 100.0 |  28.5
       Dungeon | 100.0 | 100.0 |   N/A |   N/A | 100.0 |  28.5
               +-------+-------+-------+-------+-------+----------------------

Table legend: (Time is in decaauts)
 A = Elapsed time spent in this place.
 B = Non-inter-level travel time spent in this place.
 C = Inter-level travel time spent in this place.
 D = Time resting spent in this place.
 E = Time spent auto-exploring this place.
 F = Levels seen in this place.
 G = Mean time per level.
                   A        B        C        D        E       F      G
               +--------+--------+--------+--------+--------+-----+--------+
         Total |   1216 |   1198 |     18 |      0 |    995 |   2 |  608.0 |
       Dungeon |   1216 |   1198 |     18 |      0 |    995 |   2 |  608.0 |
               +--------+--------+--------+--------+--------+-----+--------+

Top non-repeatable levels by time:
     D:1: 915 daAuts
     D:2: 300 daAuts
